 Dungeon Crawl Stone Soup version 0.28-a0-850-g09de17f5b5 (webtiles) character file.

Game seed: 9081685610930898947

4545 lillianthurber the Cruncher (level 10, -2/98 HPs)
             Began as a Troll Fighter on Nov 11, 2021.
             Was an Initiate of Makhleb.
             Succumbed to a killer bee's poison
             ... on level 9 of the Dungeon on Nov 13, 2021.
             The game lasted 01:53:09 (8702 turns).

lillianthurber the Cruncher (Troll Fighter)         Turns: 8702, Time: 01:53:11

Health: -2/98      AC:  7    Str: 28    XL:     10   Next: 17%
Magic:  9/9        EV: 12    Int:  5    God:    Makhleb [......]
Gold:   518        SH:  0    Dex: 15    Spells: 6/9 levels left

rFire   + . .      SeeInvis .   h - +4 quarterstaff (chaos)
rCold   x . .      Faith    +   (shield currently unavailable)
rNeg    . . .      Spirit   .   b - +0 robe
rPois   .          Reflect  .   (helmet restricted)
rElec   .          Harm     .   k - +2 cloak {rCorr}
rCorr   +          Rampage  .   (gloves unavailable)
Will    .....                   (boots unavailable)
Stlth   ++........              p - amulet of faith
HPRegen 1.26/turn               c - ring "Quakijy" {Fire Fly}
MPRegen 0.11/turn               z - +6 ring of dexterity

@: lethally poisoned (-2 -> -15), flying
A: large, unfitting armour, claws 3, regeneration 1, shaggy fur 1, tough skin 1
a: Renounce Religion


You were on level 9 of the Dungeon.
You worshipped Makhleb.
Makhleb was noncommittal.
You visited 2 branches of the dungeon, and saw 11 of its levels.

You collected 518 gold pieces.

Inventory:

Hand Weapons
 a - a +0 long sword of venom
 h - a +4 quarterstaff of chaos (weapon)
 o - a +2 vorpal spear
 r - a +1 dagger of protection
 s - a +5 quick blade
 S - a +0 shortbow
Missiles
 f - 81 poisoned darts (quivered)
 i - 79 stones
 T - 73 arrows
 V - a throwing net
Armour
 b - a +0 robe (worn)
 j - a +0 helmet
 k - a +2 cloak of preservation (worn)
Magical Staves
 I - a staff of poison
 O - a staff of cold
Jewellery
 c - the ring "Quakijy" (left claw) {Fire Fly}
   (You found it on level 4 of the Dungeon)

   [ring of fire]

   It enhances your fire magic.
   rF:        It protects you from fire.
   rC:        It makes you vulnerable to cold.
   Fly:       It grants you flight.
 p - an amulet of faith (around neck)
 z - a +6 ring of dexterity (right claw)
Wands
 n - a wand of flame (42)
 B - a wand of iceblast (4)
 D - a wand of acid (18)
 E - a wand of mindburst (9)
 F - a wand of polymorph (12)
Scrolls
 g - 2 scrolls of fear
 m - 2 scrolls of enchant armour
 q - 2 scrolls of immolation
 t - a scroll of fog {unknown}
 v - a scroll of vulnerability
 x - a scroll of magic mapping {unknown}
 y - 2 scrolls of blinking
 C - 3 scrolls of teleportation
 G - a scroll of holy word {unknown}
 H - 2 scrolls of amnesia {unknown}
 K - a scroll of noise {unknown}
 M - a scroll of enchant weapon {unknown}
 R - a scroll of summoning {unknown}
 W - a scroll of identify
Potions
 d - a potion of might
 e - 2 potions of haste
 l - 2 potions of curing
 u - 3 potions of attraction
 w - 3 potions of lignification
 A - 3 potions of brilliance
 L - 2 potions of mutation
 N - 2 potions of berserk rage {unknown}
 P - 3 potions of degeneration {unknown}
 Q - a potion of heal wounds
Miscellaneous
 J - a phantom mirror
 U - a box of beasts


   Skills:
 + Level 5.8 Fighting
 + Level 0.6(2.1) Short Blades
 + Level 3.3 Long Blades
 + Level 8.3 Staves
 + Level 1.2 Throwing
 + Level 5.5 Dodging
 + Level 2.6 Stealth
 + Level 3.3 Shields
 + Level 0.2 Evocations


You had 6 spell levels left.
You knew the following spells:

 Your Spells              Type           Power      Damage    Failure   Level
a - Frozen Ramparts       Ice            0%         1d2       85%         3

Your spell library contained the following spells:

 Spells                   Type           Power      Damage    Failure   Level
 Conjure Flame            Conj/Fire      0%         6-21      85%         3
 Ignite Poison            Fire/Tmut/Pois 0%         N/A       85%         3
 Ice Form                 Ice/Tmut       0%         N/A       99%         4
 Sticky Flame             Conj/Fire      0%         2d3       99%         4
 Summon Ice Beast         Ice/Summ       0%         N/A       99%         4
 Blade Hands              Tmut           0%         N/A       100%        5
 Irradiate                Conj/Tmut      0%         3d13      100%        5
 Dragon Form              Tmut           0%         N/A       100%        7


Dungeon Overview and Level Annotations

Branches:
Dungeon (10/15)            Temple (1/1) D:7            Lair (0/6) D:8
    Orc: D:9-12

Altars:
Ashenzari
Cheibriados
Dithmenos
Elyvilon
Fedhas
Gozag
Hepliaklqana
Kikubaaqudgha
Makhleb
Nemelex Xobeh
Okawaru
Qazlal
Ru
Sif Muna
Trog
Uskayaw
Vehumet
Wu Jian
Xom
Yredelemnul
Zin
The Shining One

Shops:
D:9 !


Innate Abilities, Weirdness & Mutations

You are too large for most types of armour.
You have claws for hands.
Your natural rate of healing is unusually fast.
You are covered in fur. (AC +1)
You have tough skin. (AC +1)


Message History

The tengu hits you but does no damage. The tengu barely misses you. x2
The killer bee barely misses you.
The killer bee stings you but does no damage.
The tengu hits you.
* * * LOW HITPOINT WARNING * * *
The tengu pecks you.
* * * LOW HITPOINT WARNING * * *
The tengu claws you but does no damage. The killer bee closely misses you.
The killer bee barely misses you. The tengu hits you.
* * * LOW HITPOINT WARNING * * *
The tengu barely misses you. The tengu claws you but does no damage.
The killer bee stings you.
* * * LOW HITPOINT WARNING * * *
The killer bee stings you but does no damage.
The tengu barely misses you. The tengu pecks you but does no damage.
The tengu closely misses you. The killer bee closely misses you.
The killer bee misses you. The tengu hits you!
* * * LOW HITPOINT WARNING * * *
The tengu pecks you but does no damage. The tengu barely misses you.
The killer bee misses you. The killer bee stings you.
* * * LOW HITPOINT WARNING * * *
The tengu hits you but does no damage. The tengu pecks you but does no damage.
The tengu claws you.
* * * LOW HITPOINT WARNING * * *
The killer bee stings you.
* * * LOW HITPOINT WARNING * * *
You are poisoned.
The killer bee poisons you!
You feel sick. The killer bee stings you.
* * * LOW HITPOINT WARNING * * *
You are lethally poisoned!
The killer bee poisons you! The tengu hits you.
* * * LOW HITPOINT WARNING * * *
The tengu pecks you but does no damage. The tengu closely misses you.
The killer bee stings you.
* * * LOW HITPOINT WARNING * * *
You are more poisoned.
The killer bee poisons you!
You die...

... ... ..#
..# ..# ..#
####Q.#
#..@y.#
#.###......
#.# ###..
##.##
##...######
#..........
#....######
#.####.#.##
.#.
#......#.#
.#.#


You could see a tengu and a killer bee.

Vanquished Creatures
  A two-headed ogre (D:9)
  A water nymph (shapeshifter) (D:6)
  A komodo dragon (D:10)
  A slime creature (shapeshifter) (D:9)
  A steam dragon (D:8)
  2 water moccasins (D:6)
  Duvessa (D:5)
  A black bear (D:7)
  A sky beast (D:4)
  2 necrophages
  2 ogres
  3 centaurs
  2 kobold brigands
  A bullfrog (D:7)
  Dowan (D:5)
  2 scorpions
  A gnoll sergeant (D:6)
  2 water moccasin zombies
  A water moccasin skeleton (D:6)
  5 killer bees
  An electric eel (D:6)
  A centaur zombie (D:6)
  A bullfrog zombie (D:5)
  3 hounds
  A jelly (D:7)
  5 orc priests
  Crazy Yiuf (D:2)
  3 bullfrog skeletons
  A gnoll shaman (D:4)
  A centaur skeleton (D:7)
  5 iguanas
  Natasha (thrice) (D:2)
  3 orc wizards
  A hound skeleton (D:4)
  12 gnolls
  10 adders
  2 shadow imps
  3 white imps
  2 ufetubi
  A worm (D:4)
  3 dart slugs
  17 orcs
  8 ball pythons
  4 bats (D:1)
  13 endoplasms
  A giant cockroach (D:1)
  8 goblins
  7 hobgoblins
  6 jackals
  16 kobolds
  6 quokkas
  5 frilled lizards
  6 rats
192 creatures vanquished.

Notes
Turn   | Place    | Note
-------+----------+-------------------------------------------
     0 | D:1      | lillianthurber the Troll Fighter began the quest for the
                  | Orb.
     0 | D:1      | Reached XP level 1. HP: 22/22 MP: 0/0
    65 | D:1      | Found a faded altar of an unknown god.
    85 | D:1      | Reached XP level 2. HP: 28/29 MP: 1/1
   504 | D:1      | Upgraded the game from 0.28-a0-834-g1a73be5ee4 to
                  | 0.28-a0-845-gfc338a8e3c
   504 | D:1      | Reached XP level 3. HP: 36/36 MP: 2/2
   821 | D:2      | Found a runed translucent door.
   826 | D:2      | Noticed Crazy Yiuf
   916 | D:2      | Killed Crazy Yiuf
   917 | D:2      | Reached XP level 4. HP: 21/44 MP: 3/3
  1261 | D:2      | Noticed Natasha
  1273 | D:2      | Killed Natasha
  1324 | D:2      | Noticed Natasha
  1331 | D:2      | Killed Natasha
  1332 | D:2      | Reached XP level 5. HP: 43/52 MP: 4/4
  1357 | D:2      | Noticed Natasha
  1362 | D:2      | Killed Natasha
  1631 | D:2      | Reached skill level 1 in Staves
  2646 | D:3      | Learned a level 3 spell: Frozen Ramparts
  2663 | D:4      | Reached XP level 6. HP: 61/61 MP: 5/5
  2863 | D:4      | Reached skill level 2 in Staves
  2958 | D:4      | Identified a scroll of acquirement
  2959 | D:4      | Acquired a +5 quick blade
  2994 | D:4      | Noticed a sky beast
  3129 | D:4      | Identified the ring "Quakijy" {Fire Fly}
  3286 | D:4      | Reached XP level 7. HP: 67/67 MP: 6/6
  3347 | D:4      | Reached skill level 3 in Staves
  3567 | D:4      | Reached skill level 1 in Stealth
  3982 | D:5      | Entered Level 5 of the Dungeon
  4006 | D:5      | Noticed Duvessa
  4006 | D:5      | Noticed Dowan
  4010 | D:5      | Killed Duvessa
  4011 | D:5      | Reached skill level 4 in Staves
  4011 | D:5      | Reached skill level 1 in Throwing
  4012 | D:5      | Killed Dowan
  4062 | D:5      | Reached XP level 8. HP: 78/78 MP: 7/7
  4842 | D:6      | Reached skill level 5 in Staves
  5176 | D:6      | Noticed a glowing shapeshifter
  5176 | D:6      | an adder changed into a glowing shapeshifter
  5176 | D:6      | Noticed a faun
  5176 | D:6      | a glowing shapeshifter changed into a faun
  5177 | D:6      | Noticed a wolf spider
  5177 | D:6      | a faun changed into a wolf spider
  5179 | D:6      | Noticed a glowing orange brain
  5179 | D:6      | a wolf spider changed into a glowing orange brain
  5180 | D:6      | Noticed a mana viper
  5180 | D:6      | a glowing orange brain changed into a mana viper
  5182 | D:6      | Noticed a manticore
  5182 | D:6      | a mana viper changed into a manticore
  5183 | D:6      | Noticed a water nymph
  5183 | D:6      | a manticore changed into a water nymph
  5191 | D:6      | Killed a water nymph
  5192 | D:6      | Reached skill level 6 in Staves
  5192 | D:6      | Reached XP level 9. HP: 46/85 MP: 8/8
  5987 | D:7      | Found a staircase to the Ecumenical Temple.
  6282 | D:7      | Reached skill level 5 in Fighting
  6394 | D:7      | Found a white marble altar of Elyvilon.
  6722 | D:7      | Reached skill level 7 in Staves
  6755 | D:7      | Reached skill level 5 in Dodging
  6838 | Temple   | Entered the Ecumenical Temple
  6979 | Temple   | Became a worshipper of Makhleb the Destroyer
  7363 | D:8      | Found a hide-covered altar of Uskayaw.
  7363 | D:8      | Found a shadowy altar of Dithmenos.
  7499 | D:8      | Found a shimmering blue altar of Sif Muna.
  7602 | D:8      | Found a staircase to the Lair.
  8223 | D:9      | Noticed a glowing shapeshifter
  8223 | D:9      | an acid dragon changed into a glowing shapeshifter
  8223 | D:9      | a glowing shapeshifter changed into a slime creature
  8250 | D:9      | Noticed a two-headed ogre
  8252 | D:9      | Found Olupseom's Distillery.
  8260 | D:9      | Killed a two-headed ogre
  8261 | D:9      | Reached skill level 8 in Staves
  8261 | D:9      | Reached XP level 10. HP: 38/98 MP: 9/9
  8337 | D:10     | Entered Level 10 of the Dungeon
  8610 | D:9      | Upgraded the game from 0.28-a0-845-gfc338a8e3c to
                  | 0.28-a0-850-g09de17f5b5
  8701 | D:9      | HP: 3/98 [killer bee (3)]
  8702 | D:9      | Succumbed to a killer bee's poison

Illustrated notes

Levels and vault maps discovered:
D:1:      scummos_arrival_checkerplants, layout_basic,
          ebering_ecumenical_altar_ruins, kennysheep_boxes
D:2:      layout_loops_ring, minmay_pentomino_r4, uniq_natasha,
          uniq_crazy_yiuf_cottage
D:3:      layout_basic, chequers_serial_rivers_small_b, minmay_box_of_dots
D:4:      layout_basic, minmay_splitting_lines
D:5:      layout_loops_ring, uniq_duvessa
D:6:      layout_gridville, portal_sewer_entry_d, minivault_10, minivault_14,
          hangedman_decor_peaks_small
D:7:      layout_loops_ring, elyvilon_altar_1, minmay_temple_entry_proselytizer,
          enter_bailey_5, serial_co_window_serial, co_window_corner_a,
          co_window_of_opportunity_a, co_window_paths_a, co_window_paths_a,
          co_window_paths_a, co_window_paths_a, co_window_corner_a,
          co_window_of_opportunity_b, co_window_broadway_c, co_window_2corner,
          co_window_corner_b, co_window_paths_c, co_window_2corner,
          co_window_4corner_b
D:8:      layout_basic, nicolae_overflow_hidden_temple, lair_entry_dummy
D:9:      layout_loops_ring, serial_shops, nicolae_take_the_stairs
D:10:     layout_basic, disabler_island, uniq_grum
Temple:   compressed_dpeg_circular_temple

Skill      XL: |  1  2  3  4  5  6  7  8  9 |
---------------+----------------------------+-----
Long Blades    | 2 3 |  3.3
Dodging        | 3 4 5 |  5.5
Shields        | 3 |  3.3
Staves         | 1 2 4 6 8 |  8.3
Fighting       | 3 4 5 |  5.8
Stealth        | 1 2 |  2.6
Throwing       | 1 |  1.2
Short Blades   | |  0.6
Evocations     | |  0.2

Action                   |  1- 3 |  4- 6 |  7- 9 | 10-12 || total
-------------------------+-------+-------+-------+-------++-------
Melee: Long sword        |    98 |    53 |       |       ||   151
       Dagger            |    16 |       |       |       ||    16
       Quarterstaff      |       |    96 |   333 |    28 ||   457
Throw: Dart              |     4 |     3 |     3 |       ||    10
       Javelin           |       |       |     4 |       ||     4
Evoke: Wand              |       |     7 |       |       ||     7
  Use: Potion            |     1 |       |       |       ||     1
       Scroll            |       |     9 |     6 |       ||    15
 Stab: Sleeping          |       |     1 |     5 |       ||     6
       Paralysed         |       |       |     5 |       ||     5
       Confused          |       |       |     1 |       ||     1
Armor: Robe              |    51 |    49 |   131 |    36 ||   267
Dodge: Dodged            |    53 |    49 |   238 |    57 ||   397
Block: Kite shield       |    58 |    20 |       |       ||    78

Table legend: (Time is in decaauts)
 A = Elapsed time spent in this place.
 B = Non-inter-level travel time spent in this place.
 C = Inter-level travel time spent in this place.
 D = Time resting spent in this place.
 E = Time spent auto-exploring this place.
 F = Levels seen in this place.
 G = Mean time per level.
                   A        B        C        D        E       F      G
               +--------+--------+--------+--------+--------+-----+--------+
         Total |   8794 |   1877 |   6917 |     63 |      0 |  11 |  799.5 |
       Dungeon |   8645 |   1871 |   6774 |     63 |      0 |  10 |  864.5 |
        Temple |    148 |      5 |    143 |      0 |      0 |   1 |  148.0 |
               +--------+--------+--------+--------+--------+-----+--------+

Top non-repeatable levels by time:
     D:4: 1353 daAuts
     D:6: 1254 daAuts
     D:7: 1232 daAuts
     D:3: 1022 daAuts
     D:2: 953 daAuts
     D:5: 749 daAuts
     D:1: 747 daAuts
     D:8: 708 daAuts
     D:9: 484 daAuts
  Temple: 148 daAuts
    D:10: 138 daAuts
